Map: Ephemeron LE

Players

Dragonrite

  • Race: Protoss Protoss
  • League: Diamond
  • Spawn Location: 11:00

VoidZero - Winner!

  • Race: Terran Terran
  • League: Diamond
  • Spawn Location: 5:00

VOD

Have the link to the VOD?

Description

Time

  • Played on: Jan. 3, 2020, 11:31 p.m.
  • Length: 22:12
Show
View Real Time Build Order
Export as new Build Order

Dragonrite Protoss 

Build Orders: 1 Gate Expand, Phoenix Opening, Colossus Rush 

Get SALT Encoding   

  12  0:01  Probe  
  13  0:13  Probe  
  14  0:19  Pylon  
  14  0:25  Probe  
  15  0:37  Gateway  
  15  0:39  Probe (Chrono Boost)  
  16  0:49  Probe (Chrono Boost)  
  17  0:50  Assimilator  
  17  0:54  Probe (Chrono Boost)  
  18  1:06  Probe  
  18  1:18  Probe  
  19  1:26  Nexus  
  19  1:37  Cybernetics Core  
  19  1:41  Assimilator  
  19  1:43  Probe  
  20  1:53  Pylon  
  20  1:55  Probe  
  21  2:07  Probe  
  22  2:10  Stalker (Chrono Boost)  
  24  2:24  Stargate  
  24  2:26  Probe  
  25  2:33  Warp Gate  
  25  2:38  Probe (Chrono Boost)  
  26  2:47  Probe (Chrono Boost)  
  26  2:50  Probe (Chrono Boost)  
  28  2:52  Adept  
  28  2:57  Probe (Chrono Boost)  
  28  2:58  Assimilator, Probe (Chrono Boost)  
  32  3:02  Probe (Chrono Boost)  
  32  3:04  Probe  
  33  3:08  Phoenix (Chrono Boost)  
  36  3:26  Probe x2  
  38  3:30  Phoenix (Chrono Boost)  
  40  3:42  Robotics Facility  
  40  3:45  Probe  
  41  3:55  Phoenix  
  41  3:58  Nexus  
  41  4:01  Pylon  
  41  4:02  Probe  
  44  4:05  Probe  
  45  4:14  Assimilator, Probe  
  46  4:19  Probe  
  46  4:20  Phoenix  
  49  4:27  Probe  
  50  4:32  Probe  
  50  4:38  Stalker  
  49  4:48  Probe x2  
  51  5:00  Probe x2  
  51  5:05  Robotics Bay  
  51  5:07  Pylon  
  53  5:08  Pylon  
  53  5:09  Pylon  
  53  5:16  Pylon  
  53  5:17  Probe  
  54  5:28  Probe x2  
  56  5:29  Probe  
  57  5:40  Probe  
  56  5:50  Probe x2, Colossus (Chrono Boost)  
  56  5:52  Probe, Extended Thermal Lance (Chrono Boost)  
  65  5:57  Stalker  
  65  6:02  Probe  
  68  6:04  Gateway  
  68  6:06  Probe, Gateway  
  68  6:07  Probe  
  68  6:08  Gateway  
  70  6:15  Probe  
  70  6:17  Twilight Council  
  70  6:18  Probe  
  72  6:21  Forge  
  72  6:24  Robotics Facility  
  72  6:30  Assimilator  
  72  6:34  Stalker  
  72  6:35  Shield Battery  
  72  6:37  Probe x3  
  77  6:40  Observer  
  78  6:49  Probe x3  
  78  6:50  Phoenix, Protoss Ground Weapons Level 1 (Chrono Boost)  
  78  6:52  Charge (Chrono Boost)  
  83  6:59  Templar Archives  
  83  7:01  Probe x2  
  85  7:02  Probe  
  85  7:07  Assimilator  
  86  7:13  Probe  
  87  7:16  Probe x2  
  87  7:18  Colossus  
  87  7:22  Colossus  
  95  7:26  Pylon  
  101  7:32  Pylon  
  101  7:44  Probe x3, Phoenix  
  101  7:47  Pylon  
  106  7:51  Pylon, Stalker x3  
  106  7:52  Stalker  
  106  7:56  Probe  
  95  8:21  Stalker x2  
  95  8:22  Stalker x2  
  91  8:30  Immortal x2  
  90  8:46  Stalker x4  
  90  8:47  Protoss Ground Armor Level 1 (Chrono Boost)  
  98  8:50  Psionic Storm  
  98  8:51  Probe x2  
  98  8:52  Probe  
  95  9:03  Probe x2  
  95  9:04  Probe  
  98  9:11  Stalker  
  98  9:12  Stalker x2  
  98  9:13  Stalker  
  98  9:16  Gateway  
  106  9:18  Gateway  
  106  9:22  Gateway  
  104  9:24  Observer x2, Gateway  
  104  9:30  Shield Battery  
  106  9:32  Shield Battery  
  106  9:34  Probe x2  
  108  9:39  Zealot x4  
  116  9:55  Forge  
  116  9:56  Gateway x2  
  116  10:02  High Templar x2  
  116  10:03  High Templar x2  
  116  10:05  Gateway  
  124  10:11  Colossus  
  127  10:31  Colossus  
  133  10:37  Pylon  
  133  10:40  Pylon  
  133  10:48  Robotics Facility  
  133  10:51  Nexus  
  133  10:54  Pylon  
  133  10:57  Pylon  
  133  11:01  Pylon  
  133  11:02  Stargate  
  133  11:04  Fleet Beacon  
  133  11:05  Immortal  
  137  11:13  Zealot x4  
  137  11:14  Zealot x6  
  157  11:28  Nexus  
  157  11:32  Observer  
  158  11:35  Warp Prism  
  160  11:41  High Templar x2  
  160  11:45  Observer, Archon  
  165  11:49  Pylon  
  165  11:51  Pylon  
  165  11:55  Immortal  
  147  12:06  Immortal  
  100  12:30  Zealot x4  
  100  12:31  Zealot x7  
  110  12:49  Colossus x3  
  120  12:56  Assimilator  
  120  12:59  High Templar x5  
  120  13:01  Assimilator  
  120  13:03  Archon x2  
  120  13:04  Shield Battery  
  130  13:06  Shield Battery  
  130  13:07  Zealot x6  
  130  13:09  Shield Battery  
  130  13:11  Unknown  
  142  13:29  Nexus  
  142  13:30  Pylon  
  142  13:33  Pylon, Void Ray x2  
  146  13:44  Stalker x2  
  146  13:45  Stalker x4  
  122  14:02  Zealot  
  122  14:03  Zealot x4  
  130  14:19  Photon Cannon  
  130  14:22  Photon Cannon  
  126  14:25  Photon Cannon  
  126  14:31  Zealot x5  
  122  14:32  Zealot x3  
  128  14:50  Stalker x3  
  128  14:51  Stalker  
  128  14:52  Stalker  
  112  15:15  Zealot x3  
  112  15:17  Zealot x5  
  112  15:18  Zealot  
  120  15:29  Protoss Ground Weapons Level 2 (Chrono Boost)  
  120  15:31  Assimilator  
  120  15:34  Assimilator  
  120  15:43  Forge  
  120  15:45  Void Ray  
  120  15:46  Protoss Air Weapons Level 1 (Chrono Boost), Void Ray  
  110  16:07  High Templar x5  
  110  16:08  High Templar x6  
  110  16:11  Archon x3  
  132  16:12  Archon x2  
  132  16:13  Protoss Shields Level 1 (Chrono Boost)  
  128  16:32  Photon Cannon  
  128  16:35  Photon Cannon  
  128  16:38  Photon Cannon  
  128  16:40  Photon Cannon  
  128  16:49  Void Ray x2  
  136  16:56  Observer x2, Colossus  
  132  17:14  Stalker x5  
  132  17:15  Stalker x3  
  117  17:27  Zealot x3  
  98  17:39  Zealot x5  
  98  17:40  Zealot x3  
  92  17:51  Void Ray x2  
  88  18:10  Probe x3  
  88  18:12  Probe  
  92  18:13  Stargate  
  92  18:14  Stargate  
  92  18:22  Probe x3  
  92  18:24  Probe, Pylon  
  92  18:26  Pylon  
  96  18:29  Photon Cannon  
  96  18:34  Probe  
  96  18:37  Void Ray x2  
  105  18:42  Zealot  
  105  18:43  Zealot x2  
  99  18:57  Zealot x4  
  99  18:58  Zealot  
  95  19:13  Stalker x2  
  95  19:14  Stalker x2  
  87  19:26  Void Ray  
  87  19:27  Void Ray  
  95  19:46  Void Ray x2  
  103  19:54  High Templar x3  
  103  19:55  High Templar  
  103  19:56  High Templar  
  103  19:57  High Templar  
  103  19:59  High Templar  
  117  20:02  Archon x3  
  117  20:15  Zealot x2  
  117  20:16  Zealot x2  
  124  20:27  Void Ray  
  98  21:08  Zealot  
  98  21:09  Zealot x5  
  98  21:10  Zealot  
  98  21:11  Zealot  
Show
View Real Time Build Order
Export as new Build Order

VoidZero Terran - Winner!

Build Orders: 2 Factory 

Get SALT Encoding   

  12  0:01  SCV  
  13  0:13  SCV  
  14  0:17  Supply Depot  
  14  0:25  SCV  
  14  0:28  Refinery  
  15  0:38  SCV  
  16  0:46  Barracks  
  16  0:50  SCV  
  17  1:03  SCV  
  18  1:15  SCV  
  19  1:30  SCV  
  20  1:43  Orbital Command  
  20  1:44  Reaper  
  21  1:55  Command Center  
  21  2:08  SCV, Factory  
  22  2:18  Barracks Reactor, Supply Depot  
  22  2:21  SCV  
  23  2:24  Refinery  
  23  2:40  SCV  
  24  2:46  Factory  
  24  2:52  SCV  
  25  3:04  SCV  
  26  3:09  Orbital Command, Barracks Tech Lab  
  26  3:19  SCV  
  27  3:20  Hellion x2  
  30  3:31  SCV  
  31  3:34  SCV  
  32  3:42  Cyclone  
  32  3:43  Mag-Field Accelerator, SCV  
  40  3:50  Hellion x2  
  40  3:51  SCV  
  41  3:58  SCV  
  41  3:59  Factory  
  42  4:03  SCV  
  42  4:04  Refinery, Barracks Tech Lab  
  42  4:06  Supply Depot  
  43  4:10  SCV  
  43  4:15  Widow Mine  
  46  4:27  Cyclone, SCV x2  
  46  4:28  Widow Mine  
  46  4:29  Supply Depot  
  53  4:35  Engineering Bay  
  53  4:39  SCV  
  48  4:51  SCV  
  47  4:55  Cyclone  
  47  4:59  Cyclone  
  53  5:00  SCV  
  53  5:03  SCV  
  55  5:11  Hellion x2  
  55  5:12  SCV  
  60  5:18  Armory  
  60  5:22  Missile Turret  
  60  5:28  Missile Turret  
  60  5:29  SCV  
  61  5:38  Cyclone  
  61  5:40  Widow Mine  
  61  5:52  SCV  
  61  5:55  Refinery  
  62  6:01  Missile Turret  
  62  6:03  Supply Depot  
  62  6:06  Armory, Terran Vehicle And Ship Armor Level 1  
  62  6:12  Command Center  
  62  6:15  Missile Turret  
  62  6:16  Cyclone x2, SCV x2  
  72  6:25  Widow Mine  
  72  6:28  SCV  
  72  6:31  Supply Depot  
  72  6:32  Drilling Claws  
  73  6:33  Supply Depot, Infernal Pre-Igniter  
  73  6:34  SCV  
  74  6:40  SCV  
  74  6:46  SCV  
  76  6:52  SCV  
  77  7:00  Supply Depot  
  77  7:02  Terran Vehicle Weapons Level 1  
  77  7:04  SCV  
  77  7:06  SCV  
  77  7:07  Cyclone x2  
  85  7:08  Barracks Tech Lab  
  85  7:12  Factory  
  85  7:13  Widow Mine x2  
  89  7:16  SCV  
  89  7:18  SCV  
  91  7:25  Supply Depot  
  91  7:26  Orbital Command  
  91  7:27  Missile Turret  
  91  7:28  SCV  
  91  7:29  Missile Turret  
  92  7:34  SCV, Factory  
  93  7:40  Cyclone x2  
  93  7:41  Hellion x2  
  103  7:46  SCV  
  103  7:48  SCV  
  105  7:53  SCV  
  105  7:55  Refinery  
  105  7:58  SCV, Supply Depot  
  94  8:30  Cyclone x2  
  91  8:43  SCV  
  91  8:45  Factory Tech Lab  
  91  8:47  SCV  
  93  8:50  Refinery, SCV, Factory  
  93  8:53  Supply Depot  
  94  9:02  Cyclone x2  
  93  9:04  SCV x2  
  95  9:10  Cyclone  
  95  9:11  Hellion x2  
  102  9:20  SCV  
  102  9:21  SCV  
  104  9:26  Terran Vehicle And Ship Armor Level 2  
  105  9:31  SCV  
  105  9:32  Cyclone  
  105  9:33  Hellion x2  
  105  9:34  Command Center, Cyclone x2, Factory Tech Lab  
  118  9:42  Cyclone  
  121  9:52  Factory  
  121  9:53  SCV x2  
  121  9:54  SCV  
  121  9:56  Cyclone  
  121  9:57  Hellion x2  
  131  10:02  Factory  
  131  10:04  Factory  
  131  10:05  Cyclone, SCV  
  131  10:06  Cyclone  
  138  10:07  Cyclone  
  141  10:24  Command Center  
  141  10:26  SCV  
  141  10:27  SCV  
  141  10:31  Supply Depot  
  141  10:32  Terran Vehicle Weapons Level 2  
  141  10:40  Factory Tech Lab  
  141  10:45  Supply Depot  
  141  10:46  Hellion x3, Cyclone, SCV  
  141  10:47  SCV x2  
  141  10:49  Command Center, Factory Tech Lab x2  
  153  10:51  Planetary Fortress  
  153  10:54  Missile Turret  
  153  10:56  Widow Mine  
  153  10:57  Widow Mine x2  
  159  10:58  Supply Depot  
  159  11:08  Widow Mine x3  
  165  11:18  Widow Mine  
  167  11:24  Cyclone x2  
  167  11:25  Cyclone x2  
  179  11:26  Widow Mine  
  179  11:33  SCV, Supply Depot  
  179  11:36  Cyclone, Widow Mine x2  
  179  11:39  Widow Mine  
  189  11:45  Orbital Command  
  191  11:47  Refinery, Widow Mine  
  191  11:49  Terran Vehicle And Ship Armor Level 3  
  191  11:50  Command Center  
  191  11:51  Refinery  
  189  11:56  Supply Depot  
  189  11:57  Widow Mine x4  
  184  12:06  Widow Mine x2  
  141  12:29  Cyclone x6  
  150  12:30  Hellion x2  
  152  12:39  Cyclone  
  143  12:51  Hellion x2  
  145  13:01  Cyclone x3  
  154  13:12  Cyclone x2  
  160  13:14  Sensor Tower  
  160  13:21  Sensor Tower  
  160  13:24  Cyclone x2, Hellion x2  
  154  13:44  Command Center  
  132  13:56  Cyclone x7  
  153  14:09  Hellion  
  142  14:28  Cyclone x6  
  142  14:29  Cyclone  
  154  14:37  Widow Mine x2  
  149  14:59  Widow Mine  
  139  15:00  Cyclone x4  
  130  15:16  Cyclone x3  
  139  15:21  Hellion  
  139  15:22  Hellion  
  139  15:27  Refinery, SCV  
  144  15:29  Planetary Fortress  
  144  15:32  Cyclone x2  
  150  15:37  Refinery  
  150  15:38  Cyclone  
  153  15:43  Cyclone  
  153  15:48  Cyclone  
  150  15:58  Cyclone x2  
  150  15:59  Hellion  
  152  16:04  Cyclone, SCV x2  
  152  16:06  Refinery x2  
  152  16:09  Planetary Fortress  
  157  16:12  Supply Depot  
  157  16:16  Widow Mine x4  
  165  16:20  Widow Mine  
  165  16:23  Cyclone  
  170  16:30  Cyclone x2  
  176  16:33  Orbital Command  
  176  16:40  Starport  
  176  16:42  Supply Depot  
  176  16:43  Starport  
  176  16:44  Widow Mine  
  130  17:25  Cyclone x7  
  138  17:47  Hellion  
  128  17:52  Supply Depot  
  128  17:57  Cyclone x6, SCV  
  136  18:07  Cyclone  
  136  18:09  SCV  
  136  18:10  SCV  
  141  18:25  Supply Depot  
  143  18:27  Hellion  
  143  18:29  Cyclone x3  
  155  18:34  Cyclone  
  144  18:51  SCV  
  144  18:52  SCV  
  132  19:06  Cyclone x5  
  139  19:15  Cyclone x2  
  136  19:35  Starport Tech Lab x2  
  136  19:38  Fusion Core, Cyclone  
  139  19:42  Cyclone x3  
  150  19:45  Hellion  
  150  19:46  Cyclone  
  150  19:48  SCV  
  154  19:59  Starport  
  152  20:17  Widow Mine x8  
  152  20:18  Widow Mine  
  167  20:29  Missile Turret  
  167  20:30  Missile Turret  
  167  20:38  Widow Mine  
  167  20:41  Battlecruiser x2  
  181  20:43  Starport Tech Lab  
  172  20:55  Cyclone x6  
  172  20:56  Cyclone  
  184  21:27  Cyclone  
  184  21:28  Cyclone x3  
  184  21:29  Cyclone  
  199  21:40  Command Center  
Tags
 
Add a new tag
Caveats
  • Supply blocks, unpowered buildings, or Contaminate may cause inaccurate times.
  • Supply counts are checked every 10 seconds.